 Dungeon Crawl Stone Soup version 0.18.1-48-g4cf74bf (webtiles) character file.

505 Gadfly the Gusty (level 7, -1/37 HPs)
             Began as a Tengu Air Elementalist on Aug 3, 2016.
             Slain by Duvessa
             ... wielding a +0 rapier
              (6 damage)
             ... on level 4 of the Dungeon.
             The game lasted 00:14:14 (3553 turns).

Gadfly the Gusty (Tengu Air Elementalist)           Turns: 3553, Time: 00:14:14

Health: -1/37      AC:  8    Str:  8    XL:     7   Next: 18%
Magic:  13/23      EV: 13    Int: 17    God:
Gold:   154        SH:  0    Dex: 15    Spells: 3 memorised, 8 levels left

rFire  . . .     SeeInvis .     f - -3 dagger (curse)
rCold  . . .     Gourm    .     a - +1 robe
rNeg   . . .     Faith    .     (no shield)
rPois  .         Spirit   .     (helmet restricted)
rElec  .         Dismiss  .     (no cloak)
rCorr  .         Reflect  .     e - +2 pair of gloves
SustAt .         Harm     .     (boots unavailable)
MR     .....                    (no amulet)
Stlth  ++........               (no ring)
                                g - ring of magical power

@: repel missiles, not resistant to hostile enchantments, unstealthy
A: beak, talons 3, yellow scales 1, blink, wild magic 1, able to fly 1
a: Fly, Blink


You were on level 4 of the Dungeon.
You were not hungry.

You visited 1 branch of the dungeon, and saw 6 of its levels.

You collected 154 gold pieces.

Inventory:

Hand Weapons
 f - a cursed -3 dagger (weapon)
 i - a +0 halberd
Armour
 a - a +1 robe (worn)
 e - a +2 pair of gloves (worn)
Jewellery
 g - a ring of magical power (left hand)
Wands
 p - a wand of confusion (30/48)
Scrolls
 j - 2 scrolls of teleportation
 o - a scroll of identify {unknown}
Potions
 n - a potion of curing
Books
 b - a book of Air

   Spells                             Type                      Level
   a - Shock                          Conjuration/Air              1
   b - Swiftness                      Charms/Air                   2
   c - Repel Missiles                 Charms/Air                   2
   d - Static Discharge               Conjuration/Air              3
   e - Lightning Bolt                 Conjuration/Air              5
Comestibles
 c - 2 bread rations
 d - 2 royal jellies
 h - a chunk of flesh
 k - a meat ration
 l - a beef jerky


   Skills:
 + Level 0.6 Fighting
 + Level 3.5 Dodging
 - Level 2.0 Stealth
 + Level 4.2 Spellcasting
 + Level 5.0 Conjurations
 + Level 6.3 Air Magic


You had 8 spell levels left.
You knew the following spells:

 Your Spells              Type           Power        Failure   Level  Hunger
a - Shock                 Conj/Air       ####         2%          1    None
b - Repel Missiles        Chrm/Air       ###...       14%         2    ##.....
c - Static Discharge      Conj/Air       ####....     10%         3    ###....


Dungeon Overview and Level Annotations

Branches:
Dungeon (6/15)
 Temple: D:4-7

Altars:
Dithmenos
Kikubaaqudgha
Makhleb
Pakellas
Ru
Sif Muna
The Shining One

Annotations:
D:4 Duvessa


Innate Abilities, Weirdness & Mutations

You have a beak for a mouth.
You have claws for feet.
You can fly.
You are partially covered in yellow scales (AC +2).
You can translocate small distances at will.
Your spells are a little harder to cast, but a little more powerful.


Message History

* * * LOW HITPOINT WARNING * * *
Duvessa hits you with a rapier.
* * * LOW HITPOINT WARNING * * *
Casting: Shock
Confirm with . or Enter, or press ? or * to list all spells.
Aiming: Shock
Press: ? - help, Shift-Dir - straight line The zap hits Duvessa.
Duvessa is heavily wounded.
The zap hits Duvessa.
Duvessa is heavily wounded.
Duvessa hits you with a rapier.
* * * LOW HITPOINT WARNING * * *
Drink which item? (? for menu, Esc to quit)
It was a potion of mutation.
You feel extremely strange.
Yellow scales grow over part of your body.
You feel less in control of your magic.
You feel jittery. Duvessa closely misses you. Duvessa hits you with a rapier.
You die...

#..._.......#
##....#######
#...## #...# #...#
#...# ##.## #
#.#######.#
..e.######...#.@..#
#......###.#e###.#
##e####.# #.#.#
.....##.###.#.#
#..).......#
####.#.#####
####.#.###
(.........#
.####.....#


You could see Duvessa (berserk).

Vanquished Creatures
  A centaur (D:5)
  Dowan (D:4)
  A giant frog zombie (D:5)
  An orc priest (D:3)
  2 orc wizards (D:3)
  Robin (D:2)
  8 adders
  6 gnolls (D:2)
  2 oozes (D:3)
  3 worms (D:2)
  A dart slug (D:1)
  5 giant geckos
  6 orcs
  A giant cockroach (D:1)
  23 goblins
  6 hobgoblins
  A quokka (D:2)
  8 bats (D:2)
  7 giant newts
  13 kobolds
  A quokka skeleton (D:5)
  9 rats
107 creatures vanquished.

Notes
Turn   | Place    | Note
--------------------------------------------------------------
     0 | D:1      | Gadfly the Tengu Air Elementalist began the quest for the Orb.
     0 | D:1      | Reached XP level 1. HP: 10/10 MP: 4/4
   400 | D:1      | Reached XP level 2. HP: 15/15 MP: 0/6
  1056 | D:1      | Reached XP level 3. HP: 19/19 MP: 7/7
  1329 | D:2      | Learned a level 2 spell: Repel Missiles
  1333 | D:2      | Learned a level 3 spell: Static Discharge
  1493 | D:2      | Found a burning altar of Makhleb.
  1780 | D:2      | Reached XP level 4. HP: 18/24 MP: 9/9
  2033 | D:2      | Reached skill level 5 in Air Magic
  2081 | D:2      | Gained mutation: You can fly. [Tengu growth]
  2081 | D:2      | Reached XP level 5. HP: 28/28 MP: 10/10
  2259 | D:2      | Noticed Robin
  2268 | D:2      | Killed Robin
  2280 | D:2      | Found a deep blue altar of Sif Muna.
  2813 | D:3      | Reached XP level 6. HP: 25/33 MP: 11/12
  2872 | D:3      | Reached skill level 6 in Air Magic
  3127 | D:3      | Found a sacrificial altar of Ru.
  3146 | D:3      | You fall through a shaft for 3 floors!
  3159 | D:5      | Entered Level 5 of the Dungeon
  3284 | D:5      | Reached XP level 7. HP: 32/37 MP: 10/14
  3421 | D:4      | Found a glowing golden altar of the Shining One.
  3476 | D:4      | Found a shadowy altar of Dithmenos.
  3478 | D:4      | Found an ancient bone altar of Kikubaaqudgha.
  3481 | D:4      | Found an oddly glowing altar of Pakellas.
  3524 | D:4      | Noticed Dowan
  3537 | D:4      | Killed Dowan
  3537 | D:4      | Reached skill level 5 in Conjurations
  3538 | D:4      | Noticed Duvessa
  3552 | D:4      | Gained mutation: You are partially covered in yellow scales (AC +2). [potion of mutation]
  3552 | D:4      | Gained mutation: Your spells are a little harder to cast, but a little more powerful. [potion of mutation]
  3552 | D:4      | Gained mutation: You can translocate small distances at will. [potion of mutation]
  3553 | D:4      | Slain by Duvessa

Skill      XL: |  1  2  3  4  5  6  7 |
---------------+----------------------+-----
Conjurations   | 2 3 4 5 |  5.0
Spellcasting   | 3 4 |  4.2
Air Magic      | 5 6 |  6.3
Dodging        | 3 |  3.5
Fighting       | |  0.6
Stealth        | |  2.0

Action                   |  1- 3 |  4- 6 |  7- 9 || total
-------------------------+-------+-------+-------++-------
Melee: Dagger            |    17 |    21 |       ||    38
       Short sword       |     6 |       |       ||     6
       Peck              |     4 |     3 |       ||     7
       Kick              |     3 |     4 |       ||     7
       Unarmed           |     3 |       |       ||     3
 Cast: Shock             |    75 |   112 |    15 ||   202
       Static Discharge  |       |    17 |     3 ||    20
       Repel Missiles    |       |     1 |       ||     1
  Use: Scroll            |       |     7 |       ||     7
       Potion            |       |     5 |     1 ||     6
 Stab: Sleeping          |     2 |       |       ||     2
       Invisible         |       |     1 |       ||     1
  Eat: Chunk             |     3 |     7 |     1 ||    11
Armor: Robe              |     3 |    18 |     2 ||    23
Dodge: Dodged            |    35 |    51 |     3 ||    89
